 Dungeon Crawl Stone Soup version 0.31-a0-1278-g11c5b68f87 (webtiles) character file.

Game seed: 4376589765038307643

311 whatisthis the Trooper (level 6, -3/56 HPs)
             Began as a Ghoul Monk on Dec 18, 2023.
             Slain by Ijyb
             ... wielding a +0 dagger of electrocution
              (15 damage)
             ... on level 3 of the Dungeon.
             The game lasted 00:05:40 (2429 turns).

whatisthis the Trooper (Ghoul Monk)                 Turns: 2429, Time: 00:05:41

Health: -3/56      AC:  6    Str: 17    XL:     6   Next: 42%
Magic:  6/6        EV: 10    Int:  9    God:
Gold:   114        SH:  0    Dex: 11    Spells: 5/5 levels left

rFire   . . .        a - +0 mace
rCold   + . .        d - orb {light}
rNeg    + + +        k - +0 scale mail
rPois   ∞            (no helmet)
rElec   .            (no cloak)
rCorr   .            (no gloves)
SInv    .            (no boots)
Will    .....        (no amulet) Stlth
                     (no ring)
HPRegen 0.00/turn    (no ring)
MPRegen 0.10/turn

%: no passive effects
@: inhibited regen, glowing
A: claws 1, cold resistance 1, negative energy resistance 3, inhibited
regeneration, torment resistance 2, devour on kill
a: no special abilities


You were on level 3 of the Dungeon.
You visited 1 branch of the dungeon, and saw 3 of its levels.

You collected 114 gold pieces.

Inventory:

Hand Weapons
 a - a +0 mace (weapon)
Missiles
 f - 22 stones
 j - 2 throwing nets
 s - 5 poisoned darts
Armour
 d - an orb of light (worn)
 k - a +0 scale mail (worn)
Jewellery
 g - an amulet of faith
Scrolls
 e - 2 scrolls of amnesia {unknown}
 i - 2 scrolls of blinking {unknown}
 m - 2 scrolls of enchant weapon {unknown}
 n - a scroll of poison {unknown}
 p - a scroll of identify {unknown}
 t - 3 scrolls of fog {unknown}
Potions
 c - a potion of ambrosia
 l - a potion of haste {unknown}
 o - a potion of curing {unknown}
 q - a potion of brilliance {unknown}
 u - a potion of berserk rage
 w - a potion of mutation {unknown}
 x - a potion of degeneration {unknown}


   Skills:
 + Level 5.2 Fighting
 + Level 4.2 Maces & Flails
 + Level 2.7 Armour
 - Level 3.0 Dodging


You had 5 spell levels left.
You didn't know any spells.
Your spell library was empty.

Dungeon Overview and Level Annotations

Branches:
Dungeon (3/15)

Altars:

Annotations:
D:3 Ijyb


Innate Abilities, Weirdness & Mutations

You are immune to poison.
You have sharp fingernails.
Your flesh is cold resistant. (rC+)
You are immune to negative energy. (rN+++)
You do not regenerate when monsters are visible.
You are immune to unholy pain and torment.
You thrive by killing the living.


Message History

Ijyb hits you with a +0 dagger of electrocution.
You barely miss Ijyb.
Ijyb is moderately wounded.
Ijyb hits you but does no damage.
Okay, then.
You hit Ijyb.
Ijyb is heavily wounded.
Ijyb closely misses you.
Ijyb screams, "You nasty!
Big nasty!"
Ijyb hits you but does no damage.
You hit Ijyb but do no damage.
Ijyb is heavily wounded.
Ijyb zaps a wand.
The bolt of dispelling energy hits you!
You closely miss Ijyb.
Ijyb is heavily wounded.
Ijyb hits you with a +0 dagger of electrocution.
You barely miss Ijyb.
Ijyb is heavily wounded.
Ijyb hits you but does no damage.
You closely miss Ijyb.
Ijyb is heavily wounded.
Ijyb zaps a wand.
The bolt of dispelling energy hits you.
* * * LOW HITPOINT WARNING * * *
It was a potion of berserk rage.
You feel slightly irritated.
Ijyb zaps a wand.
The bolt of dispelling energy hits you.
* * * LOW HITPOINT WARNING * * *
It was a potion of enlightenment.
You feel very buoyant.
You fly up into the air.
Ijyb hits you but does no damage.
It was a potion of lignification.
You feel woody for a moment. Ijyb completely misses you.
It was a potion of cancellation.
Your magical effects are unravelling.
You feel magically purged.
You float gracefully downwards.
Your enlightenment fades.
Ijyb closely misses you.
You barely miss Ijyb.
Ijyb is heavily wounded.
Ijyb hits you but does no damage.
You are electrocuted!
You die...

#..#.######
#..#.# #..#.#
#..#.# #..#.#
### #.†#.#
...#
#..#.##...###
#......$.....
#...#.@g......
#..#.#........
#........$..##
#.######....#
#. ###.# #. ..
#. .


You could see Ijyb.

Vanquished Creatures
  Grinder (D:3)
  4 adders
  4 worms
  9 ball pythons
  5 endoplasms
  5 giant cockroaches
  7 hobgoblins
  3 quokkas
  8 bats
  3 frilled lizards
  4 goblins
  A kobold (D:1)
  6 rats
60 creatures vanquished.

Notes
Turn   | Place    | Note
-------+----------+-------------------------------------------
     0 | D:1      | whatisthis the Ghoul Monk began the quest for the Orb.
     0 | D:1      | Reached XP level 1. HP: 19/19 MP: 1/1
   113 | D:1      | Reached XP level 2. HP: 26/26 MP: 2/2
   151 | D:1      | Found a faded altar of an unknown god.
  1043 | D:2      | Reached XP level 3. HP: 33/33 MP: 3/3
  1193 | D:2      | Identified the ring "Vuapn" {rN++ rCorr Str-3 Dex+5}
  1303 | D:2      | Reached skill level 4 in Fighting
  1320 | D:2      | Reached skill level 1 in Armour
  1638 | D:2      | Reached XP level 4. HP: 40/40 MP: 4/4
  2370 | D:3      | Noticed Grinder
  2406 | D:3      | Paralysed by Grinder for 5 turns
  2407 | D:3      | Noticed Ijyb
  2412 | D:3      | Killed Grinder
  2413 | D:3      | Reached skill level 5 in Fighting
  2413 | D:3      | Reached XP level 5. HP: 28/48 MP: 5/5
  2413 | D:3      | Reached XP level 6. HP: 33/56 MP: 6/6
  2429 | D:3      | Slain by Ijyb

Illustrated notes

Levels and vault maps discovered:
D:1:      enne_arrival_octagon_isle, layout_basic, ebering_ecumenical_altar_webs
D:2:      layout_basic
D:3:      layout_loops_ring, uniq_grinder, uniq_ijyb

Skill      XL: |  1  2  3  4 |
---------------+-------------+-----
Dodging        | 3 |  3.0
Maces & Flails | 3 4 |  4.2
Fighting       | 4 5 |  5.2
Armour         | 1 2 |  2.7

Action                     |  1- 3 |  4- 6 || total
---------------------------+-------+-------++-------
  Melee: Mace              |   111 |    65 ||   176
  Evoke: Wand              |       |     6 ||     6
    Use: Potion            |       |     4 ||     4
 Armour: Robe              |    15 |       ||    15
         Scale mail        |    42 |    51 ||    93
  Dodge: Dodged            |    71 |    28 ||    99

Table legend: (Time is in decaauts)
 A = Elapsed time spent in this place.
 B = Non-inter-level travel time spent in this place.
 C = Inter-level travel time spent in this place.
 D = Time resting spent in this place.
 E = Time spent auto-exploring this place.
 F = Levels seen in this place.
 G = Mean time per level.
                   A        B        C        D        E       F      G
               +--------+--------+--------+--------+--------+-----+--------+
         Total |   2471 |   2411 |     60 |    139 |   1751 |   3 |  823.7 |
       Dungeon |   2471 |   2411 |     60 |    139 |   1751 |   3 |  823.7 |
               +--------+--------+--------+--------+--------+-----+--------+

Top non-repeatable levels by time:
     D:1: 1037 daAuts
     D:2: 878 daAuts
     D:3: 556 daAuts
